 Dungeon Crawl Stone Soup version 0.30-a0-1123-gabc949cf19 (webtiles) character file.

Game seed: 12316415422283819030

3 Twinkles the Ruffian (level 1, 0/19 HPs)
             Began as an Armataur Monk on Apr 22, 2023.
             Slain by a dart slug (3 damage)
             ... on level 1 of the Dungeon.
             The game lasted 00:00:55 (72 turns).

Twinkles the Ruffian (Armataur Monk)                  Turns: 72, Time: 00:00:56

Health: 0/19       AC:  4    Str: 16    XL:     1   Next: 41%
Magic:  1/1        EV: 10    Int: 10    God:
Gold:   0          SH:  0    Dex: 12    Spells: 0/0 levels left

rFire   . .          .
                       - Unarmed
rCold   . . .        c - orb {light}
rNeg    . . .        a - +0 robe
rPois   .            (no helmet)
rElec   .            (no cloak)
rCorr   .            (no gloves)
SInv    .            (no barding)
Will    .....        (no amulet)
Stlth   +            (no ring)
HPRegen 0.23/turn    (no ring)
MPRegen 0.07/turn

%: roll
@: lethally poisoned (0 -> -1), glowing
A: large, rugged brown scales 3, deformed body, armoured tail, roll, long
tongue, awkward tongue
a: no special abilities


You were on level 1 of the Dungeon.
You visited 1 branch of the dungeon, and saw 1 of its levels.

Inventory:

Armour
 a - a +0 robe (worn)
 c - an orb of light (worn)
Scrolls
 b - a scroll of fear {unknown}
 d - a scroll of magic mapping {unknown}
 e - a scroll of blinking {unknown}
Potions
 G - a potion of ambrosia


   Skills:
 + Level 2.7 Fighting
 + Level 0.5 Armour
 - Level 2.1 Dodging
 + Level 2.7 Unarmed Combat


You couldn't memorise any spells.
You didn't know any spells.
Your spell library was empty.

Dungeon Overview and Level Annotations

Branches:
Dungeon (1/15) Zot: 5927

Altars:


Innate Abilities, Weirdness & Mutations

You are completely covered in rugged brown scales. (AC +3, +7% HP)
Armour fits poorly on your strangely shaped body.
You have a long armoured tail.
You roll when moving toward enemies. (Rampage)
Your long tongue fully drains potion bottles. (2x potion effects)
Your tongue gives you trouble enunciating. (1.5x scroll delay)


Message History

Found a stone staircase leading down.
The kobold throws a stone.
The stone barely misses you.
You see here a ball python corpse.
You roll towards the kobold!
Found a dagger.
The rat bites you but does no damage.
The kobold hits you with a +4 dagger of venom.
You are poisoned.
You hit the kobold.
Your tail-slap misses the kobold.
The kobold is moderately wounded.
You feel sick.
The kobold hits you with a +4 dagger of venom.
You are more poisoned.
The rat closely misses you.
You are too injured to fight recklessly!
You are too injured to fight recklessly!
You are too injured to fight recklessly!
You are too injured to fight recklessly!
You barely miss the kobold.
The kobold is moderately wounded.
You feel very sick. The rat barely misses you. The kobold misses you.
A dart slug comes into view.
You barely miss the kobold. You tail-slap the kobold.
You kill the kobold!
You feel very sick. The rat barely misses you.
Unknown command.
You barely miss the rat.
You feel sick. The rat closely misses you.
You hit the rat.
The rat is heavily wounded.
You feel sick. The rat barely misses you.
You hit the rat.
You kill the rat!
You feel sick.
You feel sick.
You roll towards the dart slug!
You feel sick. The dart slug misses you.
Things that are here:
a +4 dagger of venom; a stone You hit the dart slug but do no damage.
You feel sick. The dart slug bites you.
You die...

.##.#.### ##. .
###...#.. ..##.#
###..##.# #.##.##
..#..##.####.....
#<#..##.##....... ##
###..##.##.#.##.# #...
...........#.##.# ...).
.............##>##......
..........##.†..@w?#
##...#######....†..#
#...# ####.#### #...#
#.# #...# #.# #...# #.#
... #.#


You could see a dart slug.

Vanquished Creatures
  A ball python (D:1)
  A kobold (D:1)
  A rat (D:1)
3 creatures vanquished.

Notes
Turn   | Place    | Note
-------+----------+-------------------------------------------
     0 | D:1      | Twinkles the Armataur Monk began the quest for the Orb.
     0 | D:1      | Reached XP level 1. HP: 19/19 MP: 1/1
    70 | D:1      | HP: 5/19 [poisoned by a kobold]
    72 | D:1      | Slain by a dart slug

Illustrated notes

Levels and vault maps discovered:
D:1:      minmay_arrival_jagged, layout_loops_cross, grunt_decor_cap, hex_tiny

Action                     || total
---------------------------++-------
  Melee: Unarmed           ||     9
         Tailslap          ||     1
 Armour: Robe              ||     1
  Dodge: Dodged            ||    11

Table legend: (Time is in decaauts)
 A = Elapsed time spent in this place.
 B = Non-inter-level travel time spent in this place.
 C = Inter-level travel time spent in this place.
 D = Time resting spent in this place.
 E = Time spent auto-exploring this place.
 F = Levels seen in this place.
 G = Mean time per level.
                   A        B        C        D        E       F      G
               +--------+--------+--------+--------+--------+-----+--------+
         Total |     71 |     71 |      0 |      0 |     51 |   1 |   71.0 |
       Dungeon |     71 |     71 |      0 |      0 |     51 |   1 |   71.0 |
               +--------+--------+--------+--------+--------+-----+--------+

Top non-repeatable levels by time:
     D:1: 71 daAuts
